 Dungeon Crawl Stone Soup version 0.29.0-13-gc9e81de378 (webtiles) character file.

Game seed: 11096720889731620556

123 unlimited1921 the Magician (level 5, -2/35 HPs)
             Began as a Djinni Fire Elementalist on Sept 7, 2022.
             Slain by a quokka (3 damage)
             ... on level 3 of the Dungeon.
             The game lasted 00:08:54 (3739 turns).

unlimited1921 the Magician (DjFE)                   Turns: 3739, Time: 00:08:57

Health: -2/35      AC:  3    Str:  7    XL:     5   Next: 29%
Gold:   65         EV: 11    Int: 19    God:
                   SH:  0    Dex: 13

rFire   + + .      SeeInvis .   m - +0 short sword
rCold   x . .      Faith    .   (no shield)
rNeg    . . .      Spirit   .   i - +0 leather armour
rPois   ∞          Reflect  .   (no helmet)
rElec   .          Harm     .   (no cloak)
rCorr   .          Rampage  .   (no gloves)
Will    .....                   (boots unavailable)
Stlth   ++........              (no amulet)
HPRegen 0.11/turn               (no ring)
MPRegen 0.00/turn               (no ring)

@: flying
A: sickness immunity, fire resistance 2, cold vulnerability 1, float, innate
caster, HP casting, extra vitality 1
a: no special abilities


You were on level 3 of the Dungeon.
You visited 1 branch of the dungeon, and saw 3 of its levels.

You collected 65 gold pieces.

Inventory:

Hand Weapons
 m - a +0 short sword (weapon)
Missiles
 f - 17 stones
 h - 4 javelins
Armour
 a - a +0 robe
 i - a +0 leather armour (worn)
 k - a +0 ring mail
Wands
 q - a wand of charming (5) (quivered)
Scrolls
 b - a scroll of summoning {unknown}
 c - 2 scrolls of immolation {unknown}
 e - 2 scrolls of poison {unknown}
 g - a scroll of magic mapping {unknown}
 j - a scroll of fog {unknown}
 l - a scroll of vulnerability {unknown}
 p - 2 scrolls of identify {unknown}
 r - a scroll of enchant weapon {unknown}
Potions
 d - a potion of lignification {unknown}
 n - a potion of degeneration {unknown}
 o - a potion of mutation {unknown}


   Skills:
 + Level 0.8 Armour
 + Level 2.4 Dodging
 + Level 1.9 Stealth
 + Level 4.0 Spellcasting


You couldn't memorise any spells.
You knew the following spells:

 Your Spells              Type           Power      Damage    Failure   Level
a - Foxfire               Conj/Fire      76%        2x1d7     3%          1
b - Scorch                Fire           38%        2d7       5%          2
c - Conjure Flame         Conj/Fire      19%        6-21      11%         3
d - Inner Flame           Hex/Fire       19%        N/A       11%         3
e - Flame Wave            Conj/Fire      19%        2d7       36%         4
f - Sandblast             Erth           38%        2d10      3%          1
g - Passwall              Tmut/Erth      15%        N/A       5%          2
Your spell library was empty.

Dungeon Overview and Level Annotations

Branches:
Dungeon (3/15)

Altars:


Innate Abilities, Weirdness & Mutations

You are immune to sickness and miasma.
You are immune to poison.
Your flesh is very heat resistant. (rF++)
You are vulnerable to cold. (rC-)
You float through the air rather than walking.
You learn spells naturally, not from books.
Your magical power is your life essence.
You have superior vitality. (+4 MHP)


Message History

You conjure some foxfire!
The foxfire hits the ice beast.
The ice beast is lightly wounded.
The foxfire hits the ice beast.
The ice beast is lightly wounded.
Casting: Foxfire (safe; 3% risk of failure)
Confirm with . or Enter, or press ? or * to list all spells.
You conjure some foxfire!
The foxfire hits the ice beast.
The ice beast melts!
The ice beast is lightly wounded.
The foxfire hits the ice beast.
The ice beast melts!
The ice beast is moderately wounded.
Casting: Foxfire (safe; 3% risk of failure)
Confirm with . or Enter, or press ? or * to list all spells.
You conjure some foxfire!
The ice beast attacks as you move away!
The ice beast hits you but does no damage.
The foxfire hits the quokka.
The quokka is severely wounded.
The foxfire hits the ice beast but does no damage.
The ice beast is moderately wounded.
The quokka bites you.
Casting: Foxfire (safe; 3% risk of failure)
Confirm with . or Enter, or press ? or * to list all spells.
Flames lash the ice beast.
The ice beast melts!
The ice beast is severely wounded.
The ice beast's fire resistance burns away.
The quokka bites you. The ice beast hits you. The ice beast freezes you!!
You feel a terrible chill!
Ouch! That really hurt!
* * * LOW HITPOINT WARNING * * *
Casting: Scorch (safe; 5% risk of failure)
Confirm with . or Enter, or press ? or * to list all spells.
Okay, then.
Aiming: Charm
Press: ? - help, Q - select action, (/) - cycle Shift-Dir - straight line, f - ice beast
Aim: an ice beast (severely wounded, more vulnerable to fire, chance to affect: 49%)
The ice beast is charmed.
The quokka bites you.
You die...

####......# #.# ##
#.........# #.# ...
#......†..# #..
....#######.........#
#..
.........##.....#####
##. .........##.....#
## .........##.....#
#........##..†..#
#.......@#...####
.......Yr..#...#
.........##)##.#
.........#.†.#...
.........#...# ..#
.........#.#.# ..#
.........##.##...#
.................
..../....?.......


You could see a quokka and a friendly ice beast (charmed, combustible).

Vanquished Creatures
  An iguana (D:3)
  4 adders
  A worm (D:2)
  4 dart slugs (D:2)
  3 ball pythons
  3 endoplasms
  3 giant cockroaches
  3 goblins
  4 hobgoblins
  6 jackals
  4 kobolds (D:2)
  A quokka (D:1)
  5 bats
  2 frilled lizards
  3 rats
47 creatures vanquished.

Vanquished Creatures (others)
  115 foxfires
115 creatures vanquished.

Grand Total: 162 creatures vanquished

Notes
Turn   | Place    | Note
-------+----------+-------------------------------------------
     0 | D:1      | unlimited1921 the Djinni Fire Elementalist began the quest
                  | for the Orb.
     0 | D:1      | unlimited1921 set off with the following spells memorised:
                  | Foxfire, Scorch, Conjure Flame, Inner Flame, Flame Wave.
     0 | D:1      | Reached XP level 1. HP: 15/15 MP: 0/0
   415 | D:1      | Reached XP level 2. HP: 20/21 MP: 0/0
   595 | D:1      | Found a faded altar of an unknown god.
  1554 | D:2      | Reached skill level 3 in Spellcasting
  1555 | D:2      | Reached XP level 3. HP: 18/25 MP: 0/0
  1555 | D:2      | Learned a level 1 spell: Sandblast
  2115 | D:2      | Reached XP level 4. HP: 27/31 MP: 0/0
  3531 | D:3      | Reached XP level 5. HP: 30/35 MP: 0/0
  3531 | D:3      | Learned a level 2 spell: Passwall
  3678 | D:3      | Reached skill level 4 in Spellcasting
  3723 | D:3      | Noticed an ice beast
  3738 | D:3      | HP: 1/35 [ice beast (19)]
  3739 | D:3      | Slain by a quokka

Illustrated notes

Levels and vault maps discovered:
D:1:      dpeg_arrival_rooms_a, layout_loops_cross,
          chequers_ecumenical_altar_island, minmay_split_cup_small
D:2:      layout_basic
D:3:      layout_basic, gammafunk_temple_overflow_statue, minmay_distorted

Skill      XL: |  1  2  3  4  5 |
---------------+----------------+-----
Spellcasting   | 3 4 |  4.0
Armour         | |  0.8
Dodging        | |  2.4
Stealth        | |  1.9

Action                   |  1- 3 |  4- 6 || total
-------------------------+-------+-------++-------
 Cast: Foxfire           |    42 |    22 ||    64
       Scorch            |     9 |    22 ||    31
Evoke: Wand              |       |     1 ||     1
Armor: Robe              |     1 |       ||     1
       Leather armour    |     5 |     4 ||     9
Dodge: Dodged            |     8 |     3 ||    11
